 Dungeon Crawl Stone Soup version 0.31-a0-18-gea43df2 (webtiles) character file.

Game seed: 894784377565432591

30 Nithhogg the Trooper (level 3, -6/33 HPs)
             Began as a Hill Orc Fighter on May 8, 2023.
             Mangled by a gnoll
             ... wielding a +0 club
              (7 damage)
             ... on level 2 of the Dungeon.
             The game lasted 00:02:09 (1005 turns).

Nithhogg the Trooper (Hill Orc Fighter)             Turns: 1005, Time: 00:02:09

Health: -6/33      AC:  6    Str: 20    XL:     3   Next: 20%
Magic:  4/4        EV:  9    Int:  8    God:
Gold:   62         SH:  0    Dex: 10    Spells: 2/2 levels left

rFire   + . .        a - +0 war axe
rCold   . . .        (no shield)
rNeg    . . .        b - +0 scale mail
rPois   +            (no helmet)
rElec   .            k - scarf {+Inv}
rCorr   .            (no gloves)
SInv    .            (no boots)
Will    .....        j - amulet of the acrobat Stlth
                     e - ring of poison resistance
HPRegen 0.25/turn    i - ring of protection from fire
MPRegen 0.09/turn

%: acrobat
@: mighty
A: no striking features
a: Evoke Invisibility


You were on level 2 of the Dungeon.
You visited 1 branch of the dungeon, and saw 2 of its levels.

You collected 62 gold pieces.

Inventory:

Hand Weapons
 a - a +0 war axe (weapon)
Armour
 b - a +0 scale mail (worn)
 c - a +0 buckler
 k - a scarf of invisibility (worn)
Jewellery
 e - a ring of poison resistance (left hand)
 i - a ring of protection from fire (right hand)
 j - an amulet of the acrobat (around neck)
Scrolls
 g - 2 scrolls of teleportation {unknown}
 h - 2 scrolls of identify {unknown}
 l - a scroll of brand weapon {unknown}
 m - 2 scrolls of vulnerability {unknown}
 n - a scroll of enchant armour {unknown}
 o - a scroll of enchant weapon {unknown}
Potions
 f - a potion of heal wounds {unknown}


   Skills:
 + Level 4.0 Fighting
 + Level 3.3 Axes
 + Level 3.6 Armour
 - Level 3.2 Shields
 + Level 1.6 Invocations


You had 2 spell levels left.
You didn't know any spells.
Your spell library contained the following spells:

 Spells                   Type           Power      Damage    Failure   Level
 Beastly Appendage        Tmut           0%         N/A       77%         1
 Wereblood                Tmut           0%         N/A       88%         2
 Spider Form              Tmut/Pois      0%         N/A       98%         3
 Tukima's Dance           Hex            0%         N/A       98%         3
 Passage of Golubria      Tloc           0%         N/A       100%        4
 Yara's Violent Unravell  Hex/Tmut       0%         3d3       100%        5


Dungeon Overview and Level Annotations

Branches:
Dungeon (2/15)

Altars:


Message History

The gnoll hits you with a +0 club.
You barely miss the jackal.
The jackal is severely wounded.
You hit the jackal.
You kill the jackal!
You slash the gnoll! The jackal barely misses you.
The gnoll hits you from afar with a +0 spear.
The gnoll hits you but does no damage. The jackal barely misses you.
You barely miss the jackal.
The jackal is severely wounded.
You hit the gnoll.
The jackal bites you but does no damage.
The gnoll hits you from afar with a +0 spear.
The gnoll hits you with a +0 club. Something hits you.
The jackal completely misses you.
You hit the gnoll.
The gnoll is severely wounded.
You closely miss the jackal. You hit the gnoll. The gnoll barely misses you.
The gnoll completely misses you. Something hits you.
The gnoll hits you with a +0 club. The jackal barely misses you.
The gnoll hits you with a +0 club. The gnoll barely misses you.
The gnoll hits you with a +0 club.
* * * LOW HITPOINT WARNING * * *
Something hits you.
* * * LOW HITPOINT WARNING * * *
The jackal bites you but does no damage.
You are too injured to fight recklessly!
You are too injured to fight recklessly!
You are too injured to fight recklessly!
You are too injured to fight recklessly!
You are too injured to fight recklessly!
You are too injured to fight recklessly!
You are too injured to fight recklessly!
There are monsters nearby!
You feel very mighty all of a sudden. The jackal closely misses you.
The gnoll barely misses you. The gnoll hits you with a +0 club.
* * * LOW HITPOINT WARNING * * *
The gnoll hits you with a +0 club!
You die...

#.....#######..... #..........
#.†.#..### #.....########.###
.......##...## #.....+........#
.......####..###.....##########
.......# ##...#.....# .......#
###.#.....# .....### #.#.....#
..... ######'#.h...###
.........@g......
.........g.......
...........g.....
.................
.....####...##... ..... #....
.. ..... #....# . .. #....#


You could see 3 gnolls and a jackal.

Vanquished Creatures
  A worm (D:2)
  A bat (D:1)
  3 endoplasms (D:1)
  A giant cockroach (D:1)
  2 hobgoblins (D:1)
  3 jackals (D:2)
  A quokka (D:1)
  3 ball pythons (D:1)
  2 frilled lizards (D:1)
  3 goblins
  2 kobolds (D:1)
  3 rats
25 creatures vanquished.

Notes
Turn   | Place    | Note
-------+----------+-------------------------------------------
     0 | D:1      | Nithhogg the Hill Orc Fighter began the quest for the Orb.
     0 | D:1      | Reached XP level 1. HP: 19/19 MP: 1/1
   165 | D:1      | Reached XP level 2. HP: 27/27 MP: 2/2
   167 | D:1      | Reached skill level 1 in Invocations
   650 | D:1      | Reached skill level 4 in Fighting
   907 | D:2      | Reached XP level 3. HP: 25/33 MP: 4/4
  1005 | D:2      | HP: 1/33 [gnoll/+0 club (5)]
  1005 | D:2      | Mangled by a gnoll

Illustrated notes

Levels and vault maps discovered:
D:1:      matt_arrival_spirals, layout_loops_ring, nrook_mini_backslash
D:2:      layout_basic, basic_altar, uniq_terence, uniq_natasha

Skill      XL: |  1  2 |
---------------+-------+-----
Axes           | 3 |  3.3
Invocations    | 1 |  1.6
Fighting       | 4 |  4.0
Armour         | |  3.6
Shields        | |  3.2

Action                     || total
---------------------------++-------
  Melee: War axe           ||    67
    Use: Potion            ||     1
 Armour: Scale mail        ||    31
  Dodge: Dodged            ||    45

Table legend: (Time is in decaauts)
 A = Elapsed time spent in this place.
 B = Non-inter-level travel time spent in this place.
 C = Inter-level travel time spent in this place.
 D = Time resting spent in this place.
 E = Time spent auto-exploring this place.
 F = Levels seen in this place.
 G = Mean time per level.
                   A        B        C        D        E       F      G
               +--------+--------+--------+--------+--------+-----+--------+
         Total |   1027 |   1006 |     21 |      0 |    823 |   2 |  513.5 |
       Dungeon |   1027 |   1006 |     21 |      0 |    823 |   2 |  513.5 |
               +--------+--------+--------+--------+--------+-----+--------+

Top non-repeatable levels by time:
     D:1: 867 daAuts
     D:2: 160 daAuts
